 Dungeon Crawl Stone Soup version 0.30.1-9-gdf580d7c3d (webtiles) character file.

Game seed: 12427489260858879371

9 HagarQim the Chiller (level 2, 20/20 HPs)
             Began as a Draconian Ice Elementalist on Oct 2, 2023.
             Quit the game on level 1 of the Dungeon.
             The game lasted 00:00:38 (166 turns).

HagarQim the Chiller (Draconian Ice Elementalist)    Turns: 166, Time: 00:00:39

Health: 20/20      AC:  4    Str: 10    XL:     2   Next: 6%
Magic:  5/5        EV: 12    Int: 15    God:
Gold:   39         SH:  0    Dex: 11    Spells: 4/5 levels left

rFire   . . .        b - +4 sling
rCold   . . .        (no shield)
rNeg    . . .        (body armour unavailable)
rPois   .            (helmet restricted)
rElec   .            (no cloak)
rCorr   .            (no gloves)
SInv    .            (no boots)
Will    .....        (no amulet)
Stlth   ++           (no ring)
HPRegen 0.23/turn    (no ring)
MPRegen 0.09/turn

%: no passive effects
@: no status effects
A: AC +4, unfitting armour, cold-blooded
a: no special abilities


You were on level 1 of the Dungeon.
You visited 1 branch of the dungeon, and saw 1 of its levels.

You collected 39 gold pieces.

Inventory:

Hand Weapons
 b - a +4 sling (weapon)
Potions
 a - a potion of magic
 c - a potion of degeneration {unknown}


   Skills:
 + Level 1.7 Dodging
 + Level 1.7 Stealth
 + Level 2.0 Spellcasting
 + Level 4.4 Ice Magic


You had 4 spell levels left.
You knew the following spells:

 Your Spells              Type           Power      Damage    Failure   Level
a - Freeze                Ice            56%        1d7       3%          1

Your spell library contained the following spells:

 Spells                   Type           Power      Damage    Failure   Level
 Frozen Ramparts          Ice            28%        1d5       11%         3
 Ozocubu's Armour         Ice            14%        N/A       11%         3
 Summon Ice Beast         Ice/Summ       8%         N/A       65%         4


Dungeon Overview and Level Annotations

Branches:
Dungeon (1/15)

Altars:


Innate Abilities, Weirdness & Mutations

Your plain brown scales are hard. (AC +4)
You cannot fit into any form of body armour.
You are cold-blooded and may be slowed by cold attacks.


Message History

You start resting.
HP restored.
A ball python comes into view.
Found 13 gold pieces.
The ball python hisses angrily.
You shoot a sling bullet. The sling bullet hits the ball python.
You kill the ball python!
No target in view!
You now have 39 gold pieces (gained 13).
An endoplasm comes into view.
Found a stone staircase leading down.
You shoot a sling bullet.
The sling bullet hits the endoplasm but does no damage.
The endoplasm quivers.
You shoot a sling bullet. The sling bullet hits the endoplasm!
You kill the endoplasm!
No target in view!
A quokka comes into view.
Found a murky blue potion.
You shoot a sling bullet. The sling bullet hits the quokka!
You kill the quokka!
You have reached level 2!
A quokka comes into view.
You shoot a sling bullet. The sling bullet hits the quokka.
The quokka is moderately wounded.
You shoot a sling bullet. The sling bullet misses the quokka.
You shoot a sling bullet.
The sling bullet closely misses the quokka.
You shoot a sling bullet.
The sling bullet hits the quokka but does no damage.
The quokka is moderately wounded.
The quokka bites you.
The quokka bites you but does no damage.
You shoot a sling bullet. The sling bullet hits the quokka!
You kill the quokka!
You start resting.
HP restored.
Found a leather armour.
No target in view!
c - a murky blue potion Are you sure you want to abandon this character and quit the game? (Confirm with "yes".)

..########.# #.# ..#
#.###.## ..# #.##...#
..# #.# .[. ..# #.# ...
..# #.# #.#
..########.###.######.#
#............#.#......#
##########.#.#.#@###..#
#.#.#..........
#.#.#...#.#..##
#.#.#..>.....#
..#..........#
#.###..##.#### #.#
#....... ##.##.##. ...
# .


There were no monsters in sight!

Vanquished Creatures
  An endoplasm (D:1)
  A goblin (D:1)
  4 quokkas (D:1)
  A ball python (D:1)
  A frilled lizard (D:1)
8 creatures vanquished.

Notes
Turn   | Place    | Note
-------+----------+-------------------------------------------
     0 | D:1      | HagarQim the Draconian Ice Elementalist began the quest for
                  | the Orb.
     0 | D:1      | Reached XP level 1. HP: 14/14 MP: 3/3
   151 | D:1      | Reached XP level 2. HP: 20/20 MP: 5/5
   166 | D:1      | Quit the game

Illustrated notes

Levels and vault maps discovered:
D:1:      lightli_arrival_windingriver, layout_loops_ring, serial_shops,
          nicolae_shop_just_a_little_nook, minivault_23

Action                     || total
---------------------------++-------
   Fire: Sling             ||    19
   Cast: Freeze            ||     4
 Armour: Skin              ||     2
  Dodge: Dodged            ||     8
